AoeStats
← zulin

Hill Fort

506463147Analyzed
4v4 RM · 19d ago on Sep 13, 2026· 54m 53s· 8 players
Game mode
Random Map
Map size
Large (8 player)
Population
200
Speed
Normal
Resources
Standard
Victory
Conquest
Starting age
Dark Age
Ending age
Imperial Age
RankedLock teamsTeams togetherTeam positionsShared explorationLock speedFull tech treeHidden civsTurbo modeCheats
Victory
Defeat
🇧🇷 Franks · Brazil
1300
+11
🇧🇷 Portuguese · Brazil
1147
+18
🇪🇸 Goths · Spain
1127
+18
🇧🇷 Celts · Brazil
914
+27
🇻🇪 Britons · Venezuela
1304
-23
🇻🇪 Magyars · Venezuela
1207
-20
🇻🇪 Persians · Venezuela
1194
-19
🇨🇱 Vietnamese · Chile
1021
-12
odro
0:54 Loom
12:30 Feudal Age
13:12 Horse Collar
13:18 Double-Bit Axe
14:10 Wheelbarrow
15:56 Town Watch
21:00 Castle Age
19:48 Stone Mining
19:58 Gold Mining
22:08 Heavy Plow
22:19 Bow Saw
22:59 Hand Cart
23:47 Stone Shaft Mining
27:33 Town Patrol
33:09 Imperial Age
30:53 Forging
30:43 Scale Mail Armor
30:53 Forging
30:43 Scale Mail Armor
30:34 Fletching
30:53 Anarchy
31:13 Squires
30:34 Pikeman
30:34 Man-at-Arms
30:50 Man-at-Arms
31:31 Long Swordsman
32:49 Iron Casting
32:29 Chain Mail Armor
33:08 Bodkin Arrow
34:03 Coinage
33:34 Caravan
34:00 Masonry
34:10 Ballistics
33:45 Murder Holes
34:12 Halberdier
34:12 Two-Handed Swordsman
35:54 Two-Man Saw
35:26 Crop Rotation
36:09 Blast Furnace
35:11 Bracer
35:56 Conscription
35:48 Perfusion
35:30 Elite Huskarl
35:56 Champion
48:06 Guilds
49:16 Banking
AGOFEM
12:12 Feudal Age
17:25 Castle Age
15:31 Horse Collar
16:26 Double-Bit Axe
19:17 Wheelbarrow
23:35 Loom
29:40 Husbandry
32:57 Imperial Age
30:47 Fletching
30:58 Padded Archer Armor
31:04 Scale Barding Armor
31:37 Light Cavalry
33:32 Caravan
33:08 Cavalier
34:13 Ballistics
34:54 Chemistry
35:11 Chemistry
37:05 Pikeman
39:53 Gambesons
39:29 Halberdier
40:47 Town Watch
41:17 Forging
41:09 Gold Mining
42:00 Coinage
42:17 Scale Mail Armor
42:29 Heavy Plow
42:54 Hand Cart
44:48 Chain Mail Armor
44:17 Heavy Scorpion
46:49 Capped Ram
47:30 Siege Ram
50:21 Town Patrol
50:18 Bodkin Arrow
TheLawRøcK®
11:22 Feudal Age
13:17 Wheelbarrow
18:53 Castle Age
17:03 Double-Bit Axe
18:38 Gold Mining
19:49 Hand Cart
19:49 Bow Saw
19:58 Loom
23:35 Gold Shaft Mining
24:08 Stone Mining
28:51 Man-at-Arms
29:27 Long Swordsman
32:56 Imperial Age
30:28 Gambesons
31:27 Scale Mail Armor
31:37 Forging
30:50 Pikeman
31:52 Squires
32:33 Chain Mail Armor
33:24 Iron Casting
33:19 Arson
33:25 Halberdier
35:31 Plate Mail Armor
35:20 Chivalry
35:32 Scale Barding Armor
36:28 Blast Furnace
35:25 Cavalier
36:06 Husbandry
38:51 Paladin
40:52 Chain Barding Armor
46:10 Fletching
50:00 Bodkin Arrow
50:42 Plate Barding Armor
50:06 Bodkin Arrow
zulin
1:00 Loom
12:09 Feudal Age
15:54 Castle Age
13:36 Horse Collar
15:06 Double-Bit Axe
18:01 Bow Saw
17:52 Heavy Plow
22:29 Town Watch
23:23 Wheelbarrow
25:46 Stone Mining
29:05 Imperial Age
26:53 Gold Mining
29:38 Stone Shaft Mining
29:16 Fletching
29:10 Treadmill Crane
29:51 Ballistics
31:06 Two-Man Saw
30:39 Crop Rotation
30:28 Hand Cart
30:14 Town Patrol
30:12 Bodkin Arrow
30:19 Padded Archer Armor
31:22 Chemistry
30:36 Siege Engineers
31:07 Masonry
31:36 Pikeman
31:51 Elite Organ Gun
33:21 Conscription
33:30 Halberdier
33:57 Arson
34:15 Scale Mail Armor
34:25 Forging
35:53 Circumnavigation
35:55 Arquebus
36:28 Architecture
37:53 Chain Mail Armor
38:13 Iron Casting
41:25 Caravan
41:55 Murder Holes
42:12 Fortified Wall
43:58 Coinage
50:49 Banking
52:43 Man-at-Arms
53:08 Gambesons
53:36 Long Swordsman
yinza
4:22 Loom
11:36 Feudal Age
14:03 Horse Collar
18:29 Castle Age
17:15 Scale Barding Armor
17:33 Double-Bit Axe
18:42 Gold Mining
19:28 Bow Saw
19:20 Heavy Plow
20:32 Bloodlines
20:23 Husbandry
24:24 Stone Mining
27:36 Wheelbarrow
29:05 Chain Barding Armor
32:28 Hand Cart
35:46 Imperial Age
35:34 Ballistics
35:09 Murder Holes
35:21 Fletching
36:05 Bodkin Arrow
36:20 Cavalier
38:21 Paladin
39:38 Paladin
43:26 Bracer
43:26 Padded Archer Armor
45:18 Corvinian Army
44:39 Elite Magyar Huszar
45:34 Thumb Ring
44:50 Heavy Cavalry Archer
50:06 Parthian Tactics
50:31 Conscription
53:59 Plate Barding Armor
aurelio
7:53 Loom
10:36 Feudal Age
16:06 Castle Age
15:24 Double-Bit Axe
15:20 Horse Collar
15:59 Stone Mining
17:23 Gold Mining
19:40 Bow Saw
25:27 Heavy Plow
26:22 Padded Archer Armor
26:35 Fletching
26:55 Forging
27:30 Leather Archer Armor
28:13 Bodkin Arrow
28:56 Wheelbarrow
29:37 Yeomen
30:33 Ballistics
33:55 Imperial Age
33:28 Hand Cart
32:58 Town Watch
33:51 Gold Shaft Mining
33:12 Heated Shot
33:21 Murder Holes
37:25 Two-Man Saw
36:49 Conscription
35:56 Elite Longbowman
36:56 Bracer
37:27 Ring Archer Armor
38:16 Chemistry
46:19 Caravan
49:15 Squires
Bothstarling2.0
10:11 Feudal Age
11:12 Loom
17:03 Castle Age
15:22 Horse Collar
17:54 Heavy Plow
18:18 Double-Bit Axe
20:19 Wheelbarrow
20:26 Town Watch
24:05 Stone Mining
24:06 Gold Mining
24:38 Gold Mining
27:11 Fervor
31:38 Imperial Age
30:21 Hand Cart
30:23 Forging
30:18 Scale Barding Armor
30:36 Husbandry
30:53 Bloodlines
32:19 Chain Barding Armor
32:35 Iron Casting
32:10 Heavy Camel Rider
34:53 Conscription
35:36 Blast Furnace
35:11 Plate Barding Armor
36:31 Stone Shaft Mining
36:32 Gold Shaft Mining
38:27 Scale Mail Armor
40:38 Caravan
42:32 Cavalier
44:22 Citadels
44:16 Kamandaran
45:05 Crossbowman
45:51 Thumb Ring
45:22 Light Cavalry
45:24 Savar
46:08 Fletching
46:18 Padded Archer Armor
48:52 Bodkin Arrow
49:12 Leather Archer Armor
51:30 Ballistics
52:48 Hussar
ITVE | Evocaty
6:05 Loom
10:19 Feudal Age
10:49 Double-Bit Axe
10:55 Horse Collar
15:40 Wheelbarrow
20:14 Castle Age
19:51 Gold Mining
20:00 Stone Mining
21:16 Bow Saw
21:55 Thumb Ring
21:59 Heavy Plow
22:17 Scale Mail Armor
23:06 Hand Cart
24:05 Chain Mail Armor
25:19 Fletching
25:58 Crossbowman
26:42 Padded Archer Armor
27:40 Forging
30:30 Bloodlines
30:20 Husbandry
30:41 Elite Skirmisher
36:18 Imperial Age
36:25 Murder Holes
36:11 Treadmill Crane
36:54 Ballistics
37:16 Stone Shaft Mining
37:34 Chatras
37:56 Paper Money
38:12 Hoardings
37:59 Elite Fire Lancer
39:26 Plate Mail Armor
38:37 Imperial Skirmisher
40:52 Chemistry
41:46 Capped Ram
42:14 Arbalester
43:24 Scale Barding Armor
43:18 Bodkin Arrow
46:09 Two-Man Saw
Connection lost

Rejoining the realm…

Still unreachable

The connection could not be restored.

Session expired

The server has moved on; the page needs a fresh start.